AoeStats
← OmarGutieG

Arabia

504468037Analyzed
2v2 RM · 27d ago on Sep 5, 2026· 30m 19s· 4 players
Game mode
Random Map
Map size
Medium (4 player)
Population
200
Speed
Normal
Resources
Standard
Victory
Conquest
Starting age
Dark Age
Ending age
Imperial Age
RankedLock teamsTeams togetherTeam positionsShared explorationLock speedFull tech treeHidden civsTurbo modeCheats
Victory
Defeat
🇲🇽 Magyars · Mexico
1267
+14
🇲🇽 Ethiopians · Mexico
1253
+15
🇩🇪 Huns · Germany
1257
-16
🇻🇳 Maya · Vietnam
1188
-13
Han.
7:36 Loom
9:45 Feudal Age
12:19 Horse Collar
12:25 Double-Bit Axe
18:55 Castle Age
19:03 Fletching
19:08 Gold Mining
19:39 Town Watch
20:20 Bodkin Arrow
21:30 Padded Archer Armor
23:22 Thumb Ring
24:12 Leather Archer Armor
24:39 Heavy Plow
30:28 Ballistics
wang_03
0:30 Loom
11:27 Feudal Age
13:28 Horse Collar
armigame1
6:03 Loom
9:21 Feudal Age
17:39 Double-Bit Axe
21:29 Castle Age
19:43 Scale Barding Armor
19:22 Horse Collar
19:35 Gold Mining
20:16 Bloodlines
22:56 Chain Barding Armor
22:51 Husbandry
23:56 Gold Shaft Mining
23:34 Light Cavalry
24:55 Bow Saw
29:17 Wheelbarrow
OmarGutieG
5:13 Loom
9:12 Feudal Age
9:47 Feudal Age
19:17 Fletching
19:34 Double-Bit Axe
23:44 Castle Age
22:25 Gold Mining
22:42 Padded Archer Armor
23:51 Crossbowman
24:29 Bodkin Arrow
24:50 Leather Archer Armor
25:39 Horse Collar
29:06 Ballistics
30:26 Wheelbarrow
30:06 Bow Saw
Connection lost

Rejoining the realm…

Still unreachable

The connection could not be restored.

Session expired

The server has moved on; the page needs a fresh start.